AoeStats
← [S&H] stellar

Arabia

509206206Analyzed
1v1 RM · 5d ago on Sep 25, 2026· 31m 0s· 2 players
Game mode
Random Map
Map size
Tiny (2 player)
Population
200
Speed
Normal
Resources
Standard
Victory
Conquest
Starting age
Dark Age
Ending age
Imperial Age
RankedLock teamsTeams togetherTeam positionsShared explorationLock speedFull tech treeHidden civsTurbo modeCheats
Victory
Defeat
🇺🇸 Varangians · United States
1177
+16
🇩🇪 Vikings · Germany
1181
-16
drloving3
7:12 Loom
9:18 Feudal Age
10:10 Double-Bit Axe
11:23 Horse Collar
13:18 Bloodlines
19:10 Wheelbarrow
22:58 Castle Age
21:50 Scale Barding Armor
21:57 Forging
23:23 Gold Mining
23:45 Husbandry
24:07 Chain Barding Armor
30:08 Iron Casting
[S&H] stellar
6:33 Loom
9:39 Feudal Age
10:10 Double-Bit Axe
13:30 Man-at-Arms
23:54 Castle Age
23:23 Forging
25:34 Iron Casting
25:16 Pikeman
26:55 Iron Casting
29:21 Horse Collar
31:30 Squires
Connection lost

Rejoining the realm…

Still unreachable

The connection could not be restored.

Session expired

The server has moved on; the page needs a fresh start.